Map: Jagannatha LE

Players

goblin - Winner!

  • Race: Protoss Protoss
  • League: Master

Denver

  • Race: Zerg Zerg
  • League: Master

Event: DreamHack SC2 Masters 2021 Summer

VOD

Have the link to the VOD?

Description

Time

  • Played on: May 30, 2021, 1:03 p.m.
  • Length: 17:21

All games in this series

Show
View Real Time Build Order
Export as new Build Order

goblin Protoss - Winner!

Build Orders: 1 Gate Expand, Oracle Opening, Carriers 

Get SALT Encoding   

  12  0:00  Probe  
  13  0:12  Probe  
  14  0:17  Pylon  
  14  0:24  Probe (Chrono Boost)  
  15  0:36  Probe (Chrono Boost)  
  15  0:38  Gateway  
  16  0:44  Probe (Chrono Boost)  
  16  0:47  Assimilator  
  17  0:50  Probe  
  18  1:03  Probe  
  19  1:21  Nexus  
  19  1:25  Probe  
  20  1:34  Cybernetics Core  
  20  1:38  Probe  
  21  1:48  Assimilator  
  21  1:50  Probe  
  22  1:55  Pylon  
  22  2:02  Probe  
  23  2:10  Probe, Stalker (Chrono Boost)  
  26  2:19  Probe  
  26  2:24  Stargate  
  27  2:33  Probe x2 (Chrono Boost)  
  27  2:34  Adept  
  31  2:38  Warp Gate  
  31  2:44  Probe x2 (Chrono Boost)  
  33  2:51  Probe  
  33  2:53  Probe  
  35  3:02  Void Ray (Chrono Boost)  
  35  3:03  Probe  
  36  3:06  Probe, Gateway  
  41  3:15  Probe  
  41  3:17  Pylon  
  42  3:20  Probe  
  43  3:27  Probe  
  43  3:32  Probe  
  45  3:38  Oracle  
  45  3:40  Probe  
  49  3:43  Pylon  
  49  3:44  Probe  
  50  4:00  Nexus  
  50  4:01  Pylon  
  50  4:03  Probe x2  
  50  4:05  Assimilator  
  50  4:07  Assimilator  
  52  4:13  Stargate  
  52  4:15  Probe (Chrono Boost)  
  52  4:17  Probe (Chrono Boost)  
  54  4:21  Void Ray  
  54  4:28  Probe x2 (Chrono Boost)  
  60  4:34  Probe (Chrono Boost)  
  60  4:35  Probe (Chrono Boost)  
  62  4:42  Probe x2  
  64  4:50  Gateway  
  64  4:51  Gateway  
  64  4:54  Probe x2, Void Ray  
  64  4:55  Pylon  
  64  4:58  Shield Battery  
  70  5:11  Probe x2  
  70  5:12  Twilight Council, Forge  
  72  5:15  Probe (Chrono Boost)  
  72  5:16  Void Ray  
  73  5:24  Probe (Chrono Boost)  
  73  5:25  Probe (Chrono Boost)  
  73  5:27  Probe (Chrono Boost)  
  80  5:33  Probe (Chrono Boost), Void Ray  
  80  5:34  Probe x2 (Chrono Boost), Assimilator  
  83  5:36  Pylon  
  83  5:38  Probe x2 (Chrono Boost), Assimilator  
  89  5:43  Probe  
  90  5:50  Probe  
  90  5:51  Protoss Ground Weapons Level 1  
  90  5:52  Charge  
  90  5:53  Probe, Void Ray  
  90  5:55  Probe  
  97  6:07  Pylon  
  97  6:10  Pylon  
  97  6:12  Templar Archives  
  97  6:13  Pylon  
  97  6:22  Photon Cannon  
  97  6:25  Pylon  
  101  6:32  Shield Battery  
  97  6:35  Gateway  
  97  6:36  Gateway  
  97  6:39  Gateway  
  97  6:40  Psionic Storm  
  97  6:43  Gateway, Pylon  
  97  6:50  Shield Battery  
  97  6:51  Shield Battery  
  97  6:54  High Templar x3  
  99  6:55  Zealot  
  99  6:59  Photon Cannon  
  105  7:01  Photon Cannon  
  105  7:02  Probe x2  
  107  7:11  Probe, Pylon  
  107  7:14  Probe  
  109  7:23  High Templar  
  109  7:27  Photon Cannon, Protoss Air Weapons Level 1 (Chrono Boost)  
  109  7:29  High Templar  
  113  7:30  High Templar, Pylon  
  113  7:31  Shield Battery  
  113  7:33  Zealot x3  
  121  7:40  Nexus, Robotics Facility  
  121  7:41  Pylon  
  121  7:52  Gateway x2  
  121  7:55  Gateway  
  121  8:00  Protoss Ground Weapons Level 2 (Chrono Boost)  
  121  8:02  High Templar x2  
  125  8:09  Archon  
  125  8:10  Probe x2  
  127  8:15  Photon Cannon  
  127  8:16  Shield Battery  
  127  8:20  Photon Cannon, Stargate, Fleet Beacon  
  127  8:22  Photon Cannon  
  127  8:23  Shield Battery  
  127  8:24  Pylon  
  127  8:30  Photon Cannon  
  127  8:31  Void Ray x2 (Chrono Boost)  
  135  8:44  Assimilator  
  135  8:47  Assimilator  
  135  8:49  Pylon  
  135  9:02  Probe  
  136  9:12  Probe x2  
  136  9:13  Carrier (Chrono Boost)  
  136  9:14  Carrier (Chrono Boost)  
  136  9:16  Carrier (Chrono Boost)  
  156  9:25  Photon Cannon  
  156  9:31  Photon Cannon x2  
  156  9:32  Pylon, Shield Battery  
  156  9:38  Protoss Air Weapons Level 2 (Chrono Boost)  
  156  9:43  Photon Cannon  
  154  9:51  Photon Cannon  
  154  9:53  Photon Cannon  
  154  10:02  Carrier (Chrono Boost)  
  154  10:04  Carrier (Chrono Boost)  
  168  10:09  Carrier (Chrono Boost)  
  168  10:12  Flux Vanes  
  161  10:27  High Templar  
  161  10:28  High Templar, Zealot x2  
  169  10:31  Pylon  
  169  10:33  Photon Cannon, Archon  
  169  10:34  Photon Cannon  
  169  10:36  Photon Cannon, Protoss Ground Weapons Level 3  
  169  10:37  Shield Battery x2  
  169  10:41  Observer (Chrono Boost)  
  169  10:42  Probe  
  171  10:43  Probe  
  172  10:52  Probe  
  172  10:54  Observer (Chrono Boost)  
  173  11:02  Oracle (Chrono Boost), Zealot x3  
  173  11:03  Zealot x3  
  181  11:13  Probe x2  
  170  11:28  Mothership (Chrono Boost)  
  178  11:33  Nexus  
  178  11:34  Pylon  
  178  11:36  Pylon  
  176  11:47  Tempest x2  
  176  11:50  Stargate  
  186  11:56  Assimilator  
  186  12:02  Protoss Air Weapons Level 3 (Chrono Boost), Assimilator  
  186  12:22  Photon Cannon  
  186  12:24  Photon Cannon, Shield Battery  
  186  12:30  Tempest x2 (Chrono Boost)  
  194  12:43  Shield Battery  
  192  12:46  Shield Battery  
  192  12:48  Shield Battery  
  192  12:49  Unknown  
  178  13:08  Carrier x2 (Chrono Boost)  
  178  13:09  Carrier (Chrono Boost)  
  192  13:24  Carrier (Chrono Boost)  
  186  13:35  High Templar x2  
  190  13:44  Archon  
  182  14:05  Carrier, Zealot x3  
  194  14:12  High Templar x3  
  194  14:15  Protoss Shields Level 1  
  198  14:18  Photon Cannon  
  198  14:20  Photon Cannon, Archon  
  198  14:22  Photon Cannon  
  196  14:38  Nexus, Protoss Air Armor Level 1 (Chrono Boost)  
  194  14:50  Zealot x3  
  184  15:25  Oracle x2  
  184  15:42  Carrier x2  
  196  15:55  Zealot x2  
  200  16:09  Void Ray x2  
  178  16:23  Zealot  
  178  16:24  Zealot x3  
  178  16:25  Zealot x2  
  186  16:40  High Templar x4  
  198  16:49  Archon x2  
Show
View Real Time Build Order
Export as new Build Order

Denver Zerg 

Build Orders: Hatch First, Brood Lord Corruptor 

Get SALT Encoding   

  12  0:00  Drone  
  13  0:12  Overlord  
  13  0:16  Drone  
  14  0:30  Drone x2  
  16  0:48  Hatchery  
  15  0:52  Drone  
  15  0:56  Drone  
  17  1:00  Drone  
  18  1:10  Extractor  
  17  1:15  Spawning Pool  
  16  1:18  Drone  
  16  1:23  Drone  
  18  1:31  Drone  
  19  1:40  Drone  
  20  1:50  Overlord  
  20  2:02  Queen  
  20  2:03  Queen, Zergling x2  
  20  2:04  Zergling x2  
  26  2:11  Metabolic Boost  
  26  2:13  Drone  
  27  2:19  Drone  
  28  2:23  Drone x2  
  30  2:40  Hatchery  
  30  2:42  Drone  
  30  2:44  Drone  
  30  2:48  Overlord  
  30  2:51  Drone  
  32  2:58  Queen  
  32  3:02  Zergling x2  
  32  3:04  Zergling x2  
  36  3:07  Drone x2  
  36  3:12  Drone x2  
  40  3:16  Overlord  
  40  3:20  Drone x2  
  42  3:27  Queen  
  42  3:33  Overlord  
  44  3:37  Queen  
  44  3:40  Spore Crawler  
  45  3:43  Drone  
  45  3:46  Drone x2  
  47  3:49  Drone  
  47  3:52  Overlord  
  47  3:55  Drone  
  49  3:59  Drone  
  49  4:00  Drone  
  50  4:04  Drone x2  
  50  4:05  Spore Crawler  
  51  4:12  Drone x3, Spore Crawler  
  53  4:19  Drone x4  
  57  4:26  Drone  
  57  4:30  Roach Warren  
  57  4:34  Overlord  
  57  4:36  Lair  
  55  4:41  Drone x4, Spore Crawler  
  59  4:48  Overlord  
  59  4:49  Zergling x6  
  62  4:53  Drone x5  
  62  4:56  Overlord  
  67  5:00  Drone  
  67  5:06  Drone x7  
  75  5:09  Extractor  
  75  5:10  Extractor  
  75  5:13  Evolution Chamber  
  72  5:15  Drone x2  
  72  5:18  Drone x4, Extractor  
  75  5:21  Drone  
  76  5:29  Queen  
  76  5:32  Drone x2  
  76  5:34  Drone, Hydralisk Den  
  79  5:36  Drone x3  
  79  5:37  Drone x2, Overseer  
  84  5:44  Hatchery  
  84  5:47  Zerg Melee Weapons Level 1  
  83  5:50  Drone x4  
  83  5:55  Queen  
  89  5:59  Overlord  
  89  6:03  Muscular Augments  
  89  6:04  Overlord  
  89  6:08  Extractor, Queen  
  89  6:09  Extractor  
  88  6:15  Overlord  
  88  6:19  Hydralisk, Spire  
  88  6:21  Overlord  
  88  6:23  Hydralisk x3  
  95  6:28  Overlord  
  95  6:30  Queen  
  97  6:34  Overlord  
  97  6:36  Hydralisk x2  
  97  6:39  Drone x3  
  104  6:40  Drone  
  104  6:44  Drone x4  
  104  6:45  Drone  
  110  6:49  Overseer  
  110  6:53  Drone x4  
  114  6:57  Baneling Nest  
  113  7:03  Drone x7  
  113  7:04  Extractor  
  113  7:07  Extractor, Spore Crawler  
  117  7:11  Drone x2, Spore Crawler  
  117  7:12  Infestation Pit  
  117  7:13  Pneumatized Carapace  
  115  7:25  Hatchery  
  115  7:26  Overlord x2  
  114  7:30  Zergling x10  
  114  7:36  Zerg Flyer Armor Level 1  
  125  7:45  Hydralisk x5  
  125  7:49  Centrifical Hooks  
  125  7:51  Overlord  
  129  7:53  Hydralisk x3  
  129  7:56  Zerg Melee Weapons Level 2  
  135  7:59  Grooved Spines  
  135  8:02  Hive  
  135  8:06  Hydralisk  
  135  8:07  Hydralisk x2  
  135  8:09  Overlord  
  135  8:12  Overlord  
  141  8:16  Overlord x2  
  141  8:17  Overlord  
  141  8:21  Hydralisk x3  
  141  8:26  Hydralisk x2  
  147  8:27  Hydralisk  
  147  8:32  Overlord  
  151  8:38  Hydralisk x5  
  151  8:40  Overseer  
  161  8:48  Drone  
  161  8:49  Drone  
  161  8:50  Overlord  
  161  8:51  Evolution Chamber  
  161  8:55  Zergling x22  
  173  9:01  Baneling x7  
  173  9:06  Drone x4  
  173  9:07  Extractor  
  176  9:16  Viper  
  173  9:32  Corruptor x5  
  173  9:33  Corruptor  
  185  9:39  Greater Spire  
  185  9:50  Extractor  
  180  10:04  Spine Crawler  
  180  10:05  Spine Crawler  
  180  10:06  Corruptor x5  
  173  10:08  Drone x2, Spine Crawler  
  173  10:09  Drone  
  173  10:10  Spine Crawler  
  178  10:19  Zerg Missile Weapons Level 1, Zerg Melee Weapons Level 3  
  168  10:23  Queen  
  170  10:30  Overseer  
  170  10:45  Drone x3  
  170  10:48  Spine Crawler  
  170  10:49  Spine Crawler  
  171  10:50  Spine Crawler  
  171  10:51  Spine Crawler, Adrenal Glands  
  171  10:52  Spire  
  171  10:53  Zerg Flyer Weapons Level 1  
  171  10:54  Brood Lord  
  171  10:55  Brood Lord x5  
  171  10:56  Brood Lord  
  182  10:57  Hatchery  
  182  10:59  Drone x9  
  182  11:00  Drone x2  
  191  11:18  Corruptor x4  
  190  11:19  Overlord  
  190  11:20  Overlord x2  
  190  11:25  Overlord  
  198  11:28  Overlord x3  
  199  11:39  Extractor  
  196  11:40  Extractor  
  196  11:43  Corruptor x2  
  198  11:54  Hatchery  
  197  11:55  Spore Crawler x2  
  197  11:56  Spore Crawler  
  197  11:57  Spore Crawler x2  
  197  11:58  Spore Crawler, Corruptor x4  
  199  12:04  Zerg Flyer Armor Level 2  
  199  12:16  Spore Crawler  
  199  12:20  Overseer x3  
  186  12:39  Corruptor x6  
  192  12:52  Hatchery  
  184  13:05  Corruptor x8  
  180  13:07  Spore Crawler  
  180  13:11  Spore Crawler, Corruptor x8  
  198  13:13  Spore Crawler  
  169  13:20  Corruptor x2  
  169  13:31  Drone x7  
  169  13:33  Zergling x18  
  185  13:34  Viper  
  185  13:36  Viper  
  185  13:55  Corruptor x3  
  183  14:06  Viper x2  
  187  14:12  Spine Crawler  
  187  14:14  Spine Crawler  
  187  14:15  Spine Crawler  
  177  14:19  Ultralisk Cavern  
  177  14:20  Zergling x2, Zerg Flyer Weapons Level 2  
  177  14:21  Zergling x14  
  184  14:28  Spore Crawler  
  184  14:29  Spore Crawler  
  184  14:30  Spore Crawler x2  
  179  14:33  Extractor  
  176  14:46  Zergling x16  
  162  15:08  Chitinous Plating  
  162  15:10  Ultralisk x4  
  187  15:17  Drone x7  
  187  15:18  Drone  
  171  15:32  Ultralisk  
  183  15:47  Corruptor x3  
  183  15:48  Corruptor x3  
  159  16:13  Corruptor x5  
  138  16:19  Corruptor  
  132  16:27  Anabolic Synthesis  
  132  16:30  Corruptor x3  
  131  16:33  Viper  
  131  16:39  Corruptor  
  129  16:44  Corruptor  
  129  16:50  Corruptor x2  
Tags
 
Add a new tag
Caveats
  • Supply blocks, unpowered buildings, or Contaminate may cause inaccurate times.
  • Supply counts are checked every 10 seconds.